 Dungeon Crawl Stone Soup version 0.18.1-2-ga659475 (webtiles) character file.

596 Helmschank the Ruffian (level 7, -2/52 HPs)
             Began as a Red Draconian Transmuter on May 7, 2016.
             Killed from afar by an orc wizard (9 damage)
             ... with a puff of frost
             ... on level 4 of the Dungeon.
             The game lasted 00:20:11 (4318 turns).

Helmschank the Ruffian (Red Draconian Transmuter)   Turns: 4318, Time: 00:20:12

Health: -2/52      AC:  2    Str: 13    XL:     7   Next: 17%
Magic:  3/10       EV: 21    Int: 15    God:
Gold:   181        SH:  0    Dex: 16    Spells: 4 memorised, 0 levels left

rFire  . . .     SeeInvis .       - Unarmed
rCold  . . .     Gourm    .     (armour unavailable)
rNeg   . . .     Faith    .     (shield currently unavailable)
rPois  x         Spirit   .     (helmet currently unavailable)
rElec  .         Dismiss  .     (cloak currently unavailable)
rCorr  .         Reflect  .     (gloves currently unavailable)
SustAt .         Harm     .     (boots currently unavailable)
MR     .....                    (no amulet)
Stlth  +.........               (no ring)
                                (no ring)

@: short of breath, spider-form, very slightly contaminated, not resistant to
hostile enchantments, very unstealthy
A: (breathe fire), unfitting armour, (fire resistance 0), (cold-blooded), AC +6
a: End Transformation


You were on level 4 of the Dungeon.
You were hungry.
You were a venomous arachnid creature.
You visited 1 branch of the dungeon, and saw 4 of its levels.

You collected 181 gold pieces.

Inventory:

Missiles
 a - 58 arrows
 d - 175 stones (quivered)
Armour
 j - a +0 pair of gloves (melded)
Jewellery
 k - an uncursed ring of ice {unknown}
 n - a cursed -2 ring of evasion {unknown}
Wands
 f - a wand of digging (12/24)
 t - a wand of flame (30/48)
Scrolls
 e - 2 scrolls of identify {unknown}
 g - a scroll of blinking {unknown}
 i - 5 scrolls of remove curse {unknown}
 l - 2 scrolls of magic mapping {unknown}
 p - a scroll of noise {unknown}
 v - a scroll of recharging {unknown}
Potions
 m - a potion of cure mutation {unknown}
 q - a potion of ambrosia {unknown}
 r - a potion of degeneration {unknown}
 s - a potion of haste {unknown}
 u - a potion of resistance {unknown}
Books
 b - a book of Changes

   Spells                             Type                      Level
   a - Beastly Appendage              Transmutation                1
   b - Sticks to Snakes               Transmutation                2
   c - Spider Form                    Transmutation/Poison         3
   d - Ice Form                       Ice/Transmutation            4
   e - Blade Hands                    Transmutation                5
Comestibles
 c - 2 bread rations
 h - 7 fruits
 o - a meat ration


   Skills:
 - Level 1.1 Fighting
 + Level 3.6 Dodging
 * Level 5.9 Unarmed Combat
 - Level 2.0 Spellcasting
 + Level 4.0 Transmutations
 + Level 2.4 Poison Magic


You couldn't memorise any spells.
You knew the following spells:

 Your Spells              Type           Power        Failure   Level  Hunger
a - Spider Form           Trmt/Pois      ##........   41%         3    ###....
b - Ice Form              Ice/Trmt       #.......     96%         4    #####..
q - Sticks to Snakes      Trmt           ##......     21%         2    ###....
z - Beastly Appendage     Trmt           ##....       14%         1    #......


Dungeon Overview and Level Annotations

Branches:
Dungeon (4/15)
 Temple: D:4-7

Altars:
Kikubaaqudgha
Pakellas
The Shining One


Innate Abilities, Weirdness & Mutations

((You can breathe blasts of fire.))
((Your fiery red scales are hard (AC +6).))
Your body does not fit into most forms of armour.
((Your flesh is heat resistant.))
((You are cold-blooded and may be slowed by cold attacks.))


Message History

Something hits you.
* * * LOW HITPOINT WARNING * * *
You take 2 damage, and have 12/52 hp.
You now have 6/10 mp.
Casting: Spider Form
Confirm with . or Enter, or press ? or * to list all spells.
You turn into a venomous arachnid creature.
Your +0 pair of gloves melds into your body.
You are feeling hungry.
You kill the orc!
Something hits you.
* * * LOW HITPOINT WARNING * * *
Something hits you.
* * * LOW HITPOINT WARNING * * *
All of the chunks of flesh in your inventory have rotted away.
You take 5 damage, and have 7/52 hp.
You now have 3/10 mp.
You closely miss something.
You hear some strange, mumbled words.
A puff of frost appears from out of thin air!
The puff of frost hits you!
You die...

...###############..######
...###...###.[.###'###...#
...#.....................#
...#..............(......#
...#.........[...........#
...#................(....#
...#.....................#
...#............)).......#
...#............s..§.....#
...##...###.....##†)?....#
#####...# ##+#####......(#
#..... ........# #....
........# #... .......$.#
.........# ..........#


There were no monsters in sight!

Vanquished Creatures
  Eustachio (D:4)
  The ghost of Chemotherapy the Ruffian, an amateur VSMo of Makhleb (D:4)
  4 orc priests
  Natasha (D:3)
  Terence (D:3)
  2 worker ants (D:4)
  3 gnolls
  4 adders
  An ooze (D:3)
  An adder skeleton (D:4)
  2 worms (D:3)
  A dart slug (D:1)
  2 giant geckos
  5 orcs
  3 giant cockroaches
  5 goblins
  6 hobgoblins
  6 jackals
  A quokka (D:3)
  3 ball pythons
  2 bats (D:1)
  5 giant newts
  5 kobolds
  12 rats
77 creatures vanquished.

Notes
Turn   | Place    | Note
--------------------------------------------------------------
     0 | D:1      | Helmschank the Draconian Transmuter began the quest for the Orb.
     0 | D:1      | Reached XP level 1. HP: 16/16 MP: 3/3
   263 | D:1      | Reached XP level 2. HP: 23/23 MP: 3/5
   283 | D:1      | Learned a level 2 spell: Sticks to Snakes
  1071 | D:2      | Reached XP level 3. HP: 15/28 MP: 6/6
  1566 | D:2      | Reached skill level 4 in Unarmed Combat
  1807 | D:2      | Learned a level 3 spell: Spider Form
  1953 | D:3      | Noticed Natasha
  1984 | D:3      | Killed Natasha
  1984 | D:3      | Reached XP level 4. HP: 18/35 MP: 3/7
  2166 | D:3      | Found a glowing golden altar of the Shining One.
  2597 | D:3      | Found a faded altar to an unknown god.
  2624 | D:3      | Reached XP level 5. HP: 38/40 MP: 6/8
  2642 | D:3      | Found an oddly glowing altar of Pakellas.
  2662 | D:3      | Noticed Terence
  2689 | D:3      | Killed Terence
  2904 | D:3      | HP: 1/40 [orc priest/nerve-wracking pain (14)]
  2910 | D:3      | Reached skill level 1 in Poison Magic
  3094 | D:3      | Found an ancient bone altar of Kikubaaqudgha.
  3407 | D:3      | Reached XP level 6. HP: 37/47 MP: 7/9
  3762 | D:4      | Reached skill level 5 in Unarmed Combat
  4042 | D:4      | Noticed Chemotherapy's ghost (amateur VSMo)
  4052 | D:4      | Killed Chemotherapy's ghost
  4064 | D:4      | Noticed Eustachio
  4087 | D:4      | Killed Eustachio
  4087 | D:4      | Your scales start taking on a fiery red colour.
  4087 | D:4      | Reached XP level 7. HP: 34/52 MP: 4/10
  4087 | D:4      | Gained mutation: Your flesh is heat resistant. [Red Draconian growth]
  4258 | D:4      | Learned a level 4 spell: Ice Form
  4318 | D:4      | Killed from afar by an orc wizard

Skill      XL: |  1  2  3  4  5  6 |
---------------+-------------------+-----
Dodging        | 2 3 |  3.6
Unarmed Combat | 4 5 |  5.9
Transmutations | 3 4 |  4.0
Poison Magic   | 1 2 |  2.4
Fighting       | |  1.1
Spellcasting   | |  2.0

Action                   |  1- 3 |  4- 6 |  7- 9 || total
-------------------------+-------+-------+-------++-------
Melee: Unarmed           |   147 |   150 |    19 ||   316
       Kick              |     5 |     7 |       ||    12
       Tailslap          |    13 |     7 |       ||    20
       Headbutt          |     5 |    11 |       ||    16
       Punch             |       |     1 |       ||     1
Throw: Stone             |    29 |     8 |       ||    37
 Cast: Beastly Appendage |    23 |    17 |     1 ||    41
       Sticks to Snakes  |     1 |       |       ||     1
       Spider Form       |       |     5 |     2 ||     7
 Abil: Breathe Fire      |       |       |     1 ||     1
  Use: Potion            |       |     1 |       ||     1
 Stab: Sleeping          |     1 |       |       ||     1
  Eat: Chunk             |     4 |     8 |     1 ||    13
Armor: Skin              |    34 |    22 |     2 ||    58
Dodge: Dodged            |    91 |    71 |    22 ||   184
